Map: Ephemeron LE

Players

HeRoMaRinE

  • Race: Terran Terran
  • Spawn Location: 11:00

ShoWTimE - Winner!

  • Race: Protoss Protoss
  • Spawn Location: 5:00

VOD

Have the link to the VOD?

Description

Time

  • Played on: Sept. 7, 2019, 5:58 p.m.
  • Length: 8:25
Show
View Real Time Build Order
Export as new Build Order

HeRoMaRinE Terran 

Build Orders: Reaper Expand 

Get SALT Encoding   

  12  0:00  SCV  
  13  0:13  SCV  
  14  0:18  Supply Depot  
  14  0:25  SCV  
  15  0:39  SCV  
  15  0:41  Barracks  
  16  0:44  Refinery  
  16  0:51  SCV  
  17  1:03  SCV  
  18  1:15  SCV  
  19  1:28  Orbital Command, Reaper  
  20  1:44  Command Center  
  20  1:51  Supply Depot  
  21  1:54  SCV  
  21  2:00  Marine  
  22  2:06  SCV  
  23  2:11  Factory  
  23  2:17  Refinery  
  23  2:18  SCV  
  24  2:23  Barracks Reactor  
  24  2:30  SCV  
  25  2:42  SCV  
  26  2:54  SCV  
  26  2:55  Widow Mine, Orbital Command  
  26  2:56  Starport  
  29  2:59  Marine x2  
  31  3:06  SCV  
  32  3:17  Widow Mine, Marine x2  
  32  3:18  SCV  
  37  3:21  SCV  
  37  3:24  Supply Depot  
  38  3:31  SCV  
  38  3:32  Viking  
  38  3:33  SCV  
  42  3:35  Marine x2  
  44  3:43  SCV  
  44  3:44  Factory Tech Lab  
  44  3:45  SCV  
  46  3:55  SCV  
  48  3:57  SCV  
  48  3:58  Supply Depot  
  47  4:04  Barracks  
  47  4:07  SCV  
  47  4:08  Siege Tank  
  47  4:09  Barracks, SCV  
  52  4:13  Starport Reactor  
  52  4:16  Barracks Tech Lab  
  52  4:18  Engineering Bay  
  52  4:19  SCV  
  52  4:22  SCV  
  54  4:27  Refinery  
  54  4:31  SCV  
  54  4:34  Stimpack, Marine, SCV  
  54  4:37  Supply Depot  
  57  4:43  SCV  
  61  4:46  SCV  
  61  4:47  Terran Infantry Weapons Level 1  
  61  4:52  Marine  
  60  4:54  Supply Depot  
  60  4:55  SCV, Marine  
  60  4:58  Marine  
  60  4:59  Supply Depot, SCV  
  64  5:05  Marine  
  59  5:07  SCV, Marine  
  59  5:10  Marine  
  59  5:11  SCV  
  59  5:13  Siege Tank  
  57  5:18  Marine x2  
  57  5:19  Medivac  
  56  5:23  Marine  
  54  5:34  Marine x2  
  54  5:36  Marine x2  
  54  5:41  Marine  
  57  5:51  Siege Tank, Marine  
  57  5:52  Marine  
  57  5:53  Marine  
  57  5:54  Marine  
  64  5:59  Marine  
  62  6:09  Marine x2  
  64  6:11  Marine  
  64  6:13  Marine  
  64  6:16  Marine  
  67  6:27  Marine  
  67  6:28  Combat Shield  
  67  6:29  Marine  
  67  6:31  Marine  
  71  6:32  SCV  
  71  6:33  SCV  
  71  6:35  Marine x2  
  71  6:45  Marine, SCV x2  
  74  6:47  Marine  
  75  6:57  SCV x2  
  75  6:58  Marine  
  78  7:07  Marine  
  78  7:09  SCV  
  78  7:11  Marine x2  
  78  7:12  Marine  
  72  7:15  Marine  
  72  7:19  Medivac, Siege Tank  
  77  7:25  Marine  
  77  7:29  Marine  
  73  7:32  Marine  
  49  7:52  Marine  
  49  7:53  SCV  
  49  7:54  SCV  
  49  7:56  Marine  
  49  7:57  Marine  
  48  8:05  Marine  
Show
View Real Time Build Order
Export as new Build Order

ShoWTimE Protoss - Winner!

Build Orders: 1 Gate Expand, Oracle Opening, Zealot Archon 

Get SALT Encoding   

  12  0:00  Probe  
  13  0:12  Probe  
  14  0:17  Pylon  
  14  0:24  Probe  
  15  0:32  Probe  
  15  0:37  Gateway  
  15  0:40  Probe  
  16  0:46  Assimilator  
  17  0:51  Probe  
  18  1:03  Probe  
  19  1:15  Probe  
  20  1:23  Cybernetics Core  
  20  1:33  Nexus  
  20  1:36  Probe  
  21  1:43  Pylon  
  21  1:49  Probe  
  21  1:52  Adept, Assimilator  
  22  2:01  Probe  
  23  2:04  Warp Gate  
  25  2:13  Probe  
  26  2:22  Adept  
  28  2:25  Probe  
  29  2:34  Stargate  
  29  2:37  Probe  
  29  2:42  Probe  
  30  2:49  Probe  
  30  2:50  Probe  
  33  3:00  Probe  
  33  3:01  Probe  
  33  3:03  Gateway  
  33  3:04  Gateway  
  35  3:05  Oracle  
  35  3:12  Probe  
  36  3:13  Probe  
  40  3:21  Pylon  
  40  3:24  Probe  
  40  3:25  Probe  
  42  3:30  Oracle  
  42  3:36  Probe  
  42  3:37  Pylon, Probe  
  47  3:48  Probe  
  47  3:50  Probe  
  47  3:52  Assimilator  
  49  3:58  Oracle  
  49  4:00  Probe  
  50  4:04  Adept x3  
  50  4:05  Probe  
  50  4:09  Pylon  
  60  4:13  Probe  
  61  4:17  Probe, Assimilator  
  62  4:27  Adept x2  
  62  4:28  Adept  
  62  4:29  Probe  
  69  4:36  Pylon  
  69  4:41  Probe  
  69  4:42  Pylon  
  70  4:51  Nexus  
  70  4:53  Phoenix  
  70  4:57  Probe x2  
  71  5:09  Probe x2  
  73  5:14  Forge  
  73  5:17  Twilight Council  
  69  5:21  Probe x2  
  69  5:25  Stalker, Sentry x2, Charge  
  77  5:33  Probe x2  
  77  5:35  Protoss Ground Armor Level 1  
  77  5:45  Probe  
  77  5:46  Probe  
  77  5:49  Gateway  
  79  5:51  Gateway x2  
  79  5:57  Probe  
  79  5:58  Probe  
  81  6:07  Gateway, Zealot x2  
  81  6:10  Probe x2  
  81  6:11  Gateway, Zealot  
  89  6:17  Probe  
  90  6:23  Templar Archives, Pylon  
  90  6:24  Pylon  
  90  6:27  Pylon  
  90  6:36  Zealot x3  
  96  6:47  Pylon  
  96  6:48  Zealot x3  
  99  6:59  Zealot x2  
  99  7:00  Zealot  
  97  7:03  Zealot  
  75  7:16  Zealot x4  
  75  7:20  Phoenix  
  71  7:31  High Templar x4  
  71  7:35  Archon x2  
  71  7:36  Zealot  
  81  7:37  Zealot x2  
  81  7:39  Zealot  
  66  7:57  High Templar x2  
  64  7:59  Zealot  
  64  8:02  Zealot, Archon  
  68  8:06  Zealot x4  
  68  8:09  Probe x3  
Tags
 
Add a new tag
Caveats
  • Supply blocks, unpowered buildings, or Contaminate may cause inaccurate times.
  • Supply counts are checked every 10 seconds.